 Dungeon Crawl Stone Soup version 0.29.1-15-g9cfb28693d (webtiles) character file.

Game seed: 12905772909642895876

147 nickaroo1289 the Chopper (level 5, -1/46 HPs)
             Began as a Hill Orc Monk on Mar 15, 2023.
             Was an Elder of Zin.
             Slain by an ogre
             ... wielding a +0 giant club
              (24 damage)
             ... on level 4 of the Dungeon.
             The game lasted 00:18:47 (3950 turns).

nickaroo1289 the Chopper (Hill Orc Monk)            Turns: 3950, Time: 00:18:48

Health: -1/46      AC:  9    Str: 22    XL:     5   Next: 29%
Magic:  0/5        EV: 11    Int: 10    God:    Zin [****..]
Gold:   99         SH:  0    Dex: 13    Spells: 4/4 levels left

rFire   . . .      SeeInvis .   a - +0 hand axe
rCold   + . .      Faith    .   (no shield)
rNeg    . . .      Spirit   .   h - +1 scale mail
rPois   .          Reflect  .   (no helmet)
rElec   .          Harm     .   (no cloak)
rCorr   .          Rampage  .   (no gloves)
Will    .....                   e - +1 pair of boots
Stlth   ..........              (no amulet)
HPRegen 0.15/turn               f - ring of protection from cold
MPRegen 0.09/turn               l - +6 ring of strength

@: reciting
A: no striking features
a: Renounce Religion, Recite, Vitalisation, Imprison, Donate Gold


You were on level 4 of the Dungeon.
You worshipped Zin.
Zin was greatly pleased with you.
You visited 1 branch of the dungeon, and saw 4 of its levels.

You collected 259 gold pieces.
You donated 160 gold pieces to Zin.

Inventory:

Hand Weapons
 a - a +0 hand axe (weapon)
 d - a +0 hand axe
 j - a +0 dagger
Missiles
 o - 17 stones (quivered)
Armour
 b - a +0 robe
 e - a +1 pair of boots (worn)
 h - a +1 scale mail (worn)
 n - a +0 robe
Jewellery
 f - a ring of protection from cold (left hand)
 l - a +6 ring of strength (right hand)
Scrolls
 k - 2 scrolls of teleportation
 m - a scroll of noise {unknown}
 r - a scroll of blinking
Potions
 c - 2 potions of ambrosia
 g - a potion of invisibility
 i - a potion of attraction
 p - a potion of lignification {unknown}
 q - a potion of might


   Skills:
 + Level 4.2 Fighting
 * Level 5.7 Axes
 + Level 0.1 Throwing
 + Level 2.7 Armour
 + Level 2.8 Dodging
 - Level 1.5 Stealth
 + Level 0.1 Invocations


You had 4 spell levels left.
You didn't know any spells.
Your spell library contained the following spells:

 Spells                   Type           Power      Damage    Failure   Level
 Beastly Appendage        Tmut           0%         N/A       69%         1
 Magic Dart               Conj           0%         1d3       69%         1
 Ensorcelled Hibernation  Hex/Ice        0%         N/A       83%         2
 Spider Form              Tmut/Pois      0%         N/A       96%         3
 Anguish                  Hex/Necr       0%         N/A       100%        4
 Iskenderun's Battlesphe  Conj           0%         2d6       100%        5


Dungeon Overview and Level Annotations

Branches:
Dungeon (4/15)
 Temple: D:4-7

Altars:
Zin


Message History

The endoplasm barely misses you.
You slash the endoplasm!
You kill the endoplasm!
An ogre and a goblin come into view.
The ogre shouts!
The goblin shouts!
You hear an angry growl.
A black bear comes into view.
p - a fizzy emerald potion A giant cockroach comes into view.
The goblin hits you but does no damage. The goblin barely misses you.
You hit the goblin.
You kill the goblin!
The ogre attacks as you move away!
The ogre hits you with a +0 giant club!!
Ouch! That really hurt!
Aiming: Imprison (61% risk of failure)
Press: ? - help, Dir - move target, f - ogre
Aim: an ogre, wielding a +0 giant club Zin imprisons the ogre with walls of pure silver!
Zin releases the ogre from its prison.
The giant cockroach barely misses you.
The giant cockroach attacks as you move away!
The giant cockroach barely misses you.
You hit the giant cockroach but do no damage.
The giant cockroach bites you but does no damage.
The giant cockroach barely misses you.
You hit the giant cockroach.
You kill the giant cockroach!
You barely miss the ogre.
You hear the slow rusting of a drain very nearby.
The ogre completely misses you.
Activating: Recite (7% risk of failure)
Press: ? - help, Dir - look around, f - activate Look: a black bear You clear your throat and prepare to recite. "It is just that the legions of the damned shall be struck down..."
The ogre is dazed by your recitation.
You hear a shout!
The ogre hits you with a +0 giant club!!
Ouch! That really hurt!
You die...

#.#|#.#.# #. #...........
.###.#.## ###.###.#####.....
. ...... ..................
#.###.#)#######.##.#####.....
...................#.........
##.................#.##.####.
##..............#...##. #.
#..............#....#. #.
#........h@....#....## #.
#........O.....#....# #.
#..............#...... #.
...###########........... #.
##. #............ ## #
............ ###.. #.


You could see a black bear and an ogre (dazed).

Vanquished Creatures
  An orc wizard (D:3)
  4 adders
  4 worms
  6 orcs
  5 endoplasms
  3 giant cockroaches
  7 goblins
  3 hobgoblins
  A jackal (D:1)
  5 quokkas
  12 ball pythons
  3 bats
  2 frilled lizards (D:1)
  8 kobolds
  4 rats
68 creatures vanquished.

Vanquished Creatures (others)
  7 fungi (D:2)
  7 plants (D:2)
14 creatures vanquished.

Grand Total: 82 creatures vanquished

Notes
Turn   | Place    | Note
-------+----------+-------------------------------------------
     0 | D:1      | nickaroo1289 the Hill Orc Monk began the quest for the Orb.
     0 | D:1      | Reached XP level 1. HP: 19/19 MP: 1/1
   252 | D:1      | Reached XP level 2. HP: 24/27 MP: 2/2
   777 | D:1      | Reached XP level 3. HP: 30/33 MP: 3/3
   939 | D:1      | Reached skill level 5 in Axes
  1641 | D:2      | Reached XP level 4. HP: 23/40 MP: 4/4
  1749 | D:2      | Found a faded altar of an unknown god.
  1765 | D:2      | Prayed at the altar of an unknown god.
  1765 | D:2      | Became a worshipper of Zin the Law-Giver
  1765 | D:2      | Reached * piety under Zin
  1765 | D:2      | Reached ** piety under Zin
  1765 | D:2      | Reached *** piety under Zin
  1766 | D:2      | Donated 68 gold pieces to Zin
  2441 | D:3      | Reached skill level 1 in Armour
  2777 | D:3      | Reached **** piety under Zin
  2805 | D:3      | Reached XP level 5. HP: 44/46 MP: 5/5
  2855 | D:3      | Got Nuagusoi's Compilation of Evolution and Attacks
  3036 | D:3      | Donated 67 gold pieces to Zin
  3930 | D:4      | Noticed an ogre
  3930 | D:4      | Noticed a black bear
  3950 | D:4      | Slain by an ogre

Illustrated notes

Levels and vault maps discovered:
D:1:      onia_arrival_mini_maze_b, layout_rooms, minmay_misc_feat_cross,
          minmay_small_reverse_x
D:2:      layout_loops_ring, dreamdust_ecumenical_altar_grove, eino_tiny_chamber
D:3:      layout_basic, minmay_misc_feat_iff
D:4:      layout_basic, vehumet_altar_wand_db, portal_sewer_entry_d,
          minmay_surrounded

Skill      XL: |  1  2  3  4 |
---------------+-------------+-----
Axes           | 5 |  5.7
Fighting       | 4 |  4.2
Armour         | 2 |  2.7
Throwing       | |  0.1
Dodging        | |  2.8
Stealth        | |  1.5
Invocations    | |  0.1

Action                   |  1- 3 |  4- 6 || total
-------------------------+-------+-------++-------
Melee: Hand axe          |   104 |   114 ||   218
Throw: Stone             |     9 |     7 ||    16
Invok: Donate Gold       |       |     2 ||     2
       Vitalisation      |       |     1 ||     1
       Recite            |       |     1 ||     1
       Imprison          |       |     1 ||     1
  Use: Scroll            |     3 |     9 ||    12
       Potion            |       |     1 ||     1
Armor: Robe              |    13 |       ||    13
       Scale mail        |    13 |    56 ||    69
Dodge: Dodged            |    71 |    74 ||   145
